 Dungeon Crawl Stone Soup version 0.28-a0-1415-g7c84da036a (webtiles) character file.

Game seed: 12134354575887163882

599 eustatius the Ruffian (level 7, -2/67 HPs)
             Began as a Troll Fighter on Jan 8, 2022.
             Was an Initiate of Hepliaklqana.
             Killed from afar by a gargoyle (15 damage)
             ... with a stone arrow
             ... on level 8 of the Dungeon.
             The game lasted 00:16:06 (2987 turns).

eustatius the Ruffian (Troll Fighter)               Turns: 2987, Time: 00:16:07

Health: -2/67      AC:  5    Str: 27    XL:     7   Next: 17%
Magic:  0/6        EV:  9    Int:  4    God:    Hepliaklqana [......]
Gold:   178        SH:  8    Dex: 15    Spells: 6/6 levels left

rFire   . . .      SeeInvis .     - Unarmed
rCold   . . .      Faith    .   b - +0 kite shield
rNeg    + . .      Spirit   +   y - +1 robe of the Lich-sworn {rElec rPois rN+}
rPois   +          Reflect  .   (helmet restricted)
rElec   +          Harm     .   (no cloak)
rCorr   .          Rampage  .   (gloves unavailable)
Will    .....                   (boots unavailable)
Stlth   ++........              p - amulet of guardian spirit
HPRegen 1.01/turn               q - +6 ring of dexterity
MPRegen 0.10/turn               (no ring)

@: no status effects
A: large, unfitting armour, claws 3, regeneration 1, shaggy fur 1, tough skin 1
a: Renounce Religion


You were on level 8 of the Dungeon.
You worshipped Hepliaklqana.
Hepliaklqana was noncommittal.
You visited 2 branches of the dungeon, and saw 7 of its levels.

You collected 178 gold pieces.

Inventory:

Hand Weapons
 v - a +2 hunting sling of flaming
 D - a +0 short sword of holy wrath
Missiles
 d - 97 stones
 m - 3 large rocks
 B - 26 poisoned darts (quivered)
 E - 2 boomerangs
Armour
 a - a +0 robe
 b - a +0 kite shield (worn)
 y - the +1 robe of the Lich-sworn (worn) {rElec rPois rN+}
   (You found it on level 3 of the Dungeon)

   rElec:     It insulates you from electricity.
   rPois:     It protects you from poison.
   rN:        It protects you from negative energy.
Magical Staves
 j - a staff of death
 o - a staff of conjuration
Jewellery
 p - an amulet of guardian spirit (around neck)
 q - a +6 ring of dexterity (left claw)
Scrolls
 e - a scroll of acquirement {unknown}
 f - 2 scrolls of amnesia {unknown}
 g - 2 scrolls of fear {unknown}
 h - 9 scrolls of identify {unknown}
 n - a scroll of enchant armour {unknown}
 r - a scroll of teleportation {unknown}
 s - 3 scrolls of blinking {unknown}
 z - 2 scrolls of noise {unknown}
 C - 2 scrolls of immolation {unknown}
 F - a scroll of summoning {unknown}
 G - a scroll of fog {unknown}
Potions
 c - 2 potions of might
 i - a potion of ambrosia {unknown}
 k - 2 potions of lignification {unknown}
 l - a potion of curing {unknown}
 t - a potion of invisibility {unknown}
 u - a potion of haste {unknown}
 w - a potion of brilliance {unknown}
 x - 2 potions of mutation {unknown}
 A - a potion of heal wounds {unknown}
 H - a potion of attraction {unknown}


   Skills:
 + Level 3.2 Fighting
 + Level 0.4 Throwing
 + Level 3.6 Dodging
 + Level 1.0 Stealth
 + Level 3.4 Shields
 + Level 5.5 Unarmed Combat


You had 6 spell levels left.
You didn't know any spells.
Your spell library contained the following spells:

 Spells                   Type           Power      Damage    Failure   Level
 Stone Arrow              Conj/Erth      0%         3d7       99%         3
 Animate Armour           Summ/Erth      0%         N/A       100%        4
 Lehudib's Crystal Spear  Conj/Erth      0%         10d2      100%        8


Dungeon Overview and Level Annotations

Branches:
Dungeon (5/15)             Temple (1/1) D:4

Altars:
Ashenzari
Cheibriados
Dithmenos
Elyvilon
Fedhas
Hepliaklqana
Nemelex Xobeh
Okawaru
Qazlal
Sif Muna
Uskayaw
Wu Jian
Xom
Yredelemnul
Zin

Annotations:
D:4 3 runed translucent doors, HuGe's ghost, amateur MiBe


Innate Abilities, Weirdness & Mutations

You are too large for most types of armour.
You have claws for hands.
Your natural rate of healing is unusually fast.
You are covered in fur. (AC +1)
You have tough skin. (AC +1)


Message History

The stone arrow hits you!
The bullfrog gives a loud, deep croak!
You closely miss the bullfrog. The bullfrog closely misses you.
The bullfrog hits you but does no damage.
You claw the bullfrog!
The bullfrog is severely wounded.
The bullfrog barely misses you.
You closely miss the bullfrog.
The bullfrog is severely wounded.
The bullfrog hits you but does no damage.
You block the bullfrog's attack.
You barely miss the bullfrog.
The bullfrog is severely wounded.
The bullfrog hits you but does no damage.
You claw the bullfrog!
You kill the bullfrog!
You scratch the gargoyle but do no damage.
You block the gargoyle's attack.
You scratch the gargoyle.
The gargoyle is lightly damaged.
The gargoyle hits you with a +0 dire flail!!
You claw the gargoyle!
The gargoyle is heavily damaged.
The gargoyle barely misses you.
You barely miss the gargoyle.
The gargoyle is heavily damaged.
The gargoyle hurls a stone arrow at you.
The stone arrow hits you!!
You scratch the gargoyle but do no damage.
The gargoyle is heavily damaged.
The gargoyle hits you with a +0 dire flail!
* * * LOW HITPOINT WARNING * * *
You block the gargoyle's attack.
Found 19 gold pieces.
The gargoyle hurls a stone arrow at you.
The stone arrow hits you!
* * * LOW HITPOINT WARNING * * *
The gargoyle hurls a stone arrow at you.
The stone arrow hits you!
You die...

##..###.#...... ...
........#...### #...
........#...†.# ...$.
.......$..###.###....
#######..##
#..#..#... #...##
##9....#
#.......#.###.#
.........#.#
####.......@#
#.$....### #[.....#
#......# #......#
.... ####


You could see a gargoyle.

Vanquished Creatures
  A necrophage (D:4)
  An ogre (D:4)
  A bullfrog (D:8)
  A scorpion (D:5)
  A water moccasin skeleton (D:4)
  A bullfrog skeleton (D:4)
  4 hounds
  3 adders (D:3)
  A shadow imp (D:5)
  A worm (D:3)
  2 dart slugs
  11 orcs
  4 endoplasms
  3 giant cockroaches
  4 hobgoblins
  2 kobolds
  2 quokkas (D:3)
  10 ball pythons
  4 bats
  2 frilled lizards (D:2)
  9 goblins
  4 rats
72 creatures vanquished.

Notes
Turn   | Place    | Note
-------+----------+-------------------------------------------
     0 | D:1      | eustatius the Troll Fighter began the quest for the Orb.
     0 | D:1      | Reached XP level 1. HP: 22/22 MP: 0/0
   420 | D:1      | Reached XP level 2. HP: 28/29 MP: 1/1
   954 | D:2      | Reached XP level 3. HP: 36/36 MP: 2/2
  1462 | D:3      | Found a stormy altar of Qazlal.
  1499 | D:3      | Identified the +1 robe of the Lich-sworn {rElec rPois rN+}
  1683 | D:3      | Reached XP level 4. HP: 44/44 MP: 3/3
  1723 | D:3      | Reached skill level 3 in Unarmed Combat
  1979 | D:3      | Found a faded altar of an unknown god.
  2100 | D:3      | Prayed at the altar of an unknown god.
  2100 | D:3      | Became a worshipper of Sif Muna the Loreminder
  2100 | D:3      | Reached * piety under Sif Muna
  2158 | D:4      | Noticed an ogre
  2194 | D:4      | Killed an ogre
  2195 | D:4      | Reached skill level 4 in Unarmed Combat
  2195 | D:4      | Reached XP level 5. HP: 53/53 MP: 4/4
  2213 | D:4      | Noticed a necrophage
  2231 | D:4      | Killed a necrophage
  2232 | D:4      | Reached XP level 6. HP: 61/61 MP: 3/5
  2260 | D:4      | Found a runed translucent gate.
  2282 | D:4      | Found a runed translucent gate.
  2285 | D:4      | Found a runed translucent gate.
  2292 | D:4      | Noticed HuGe's ghost (amateur MiBe)
  2412 | D:4      | Found a blossoming altar of Fedhas.
  2436 | D:4      | Found a staircase to the Ecumenical Temple.
  2553 | Temple   | Entered the Ecumenical Temple
  2689 | Temple   | Fell from the grace of Sif Muna
  2689 | Temple   | Became a worshipper of Hepliaklqana the Forgotten
  2768 | D:5      | Entered Level 5 of the Dungeon
  2854 | D:5      | Reached skill level 5 in Unarmed Combat
  2938 | D:5      | Reached skill level 1 in Stealth
  2938 | D:5      | Reached XP level 7. HP: 62/67 MP: 6/6
  2962 | D:5      | You fall into a shaft and drop 3 floors!
  2962 | D:8      | Noticed a gargoyle
  2987 | D:8      | Killed from afar by a gargoyle

Illustrated notes

Levels and vault maps discovered:
D:1:      dpeg_arrival_rhombi, layout_loops_cross, st_stairs_11,
          minmay_misc_feat_five
D:2:      layout_loops_ring
D:3:      layout_basic, amcnicky_altar_gilded,
          nicolae_ecumenical_snake_handling, minmay_pentangle
D:4:      layout_cave_pools, mainiacjoe_overflow_alcove_1,
          minmay_temple_entry_junction_2, gammafunk_ghost_split
D:5:      layout_gridville, mainiacjoe_overflow_alcove_4,
          grunt_temple_overflow_lords_of_destruction, minivault_24
D:8:      layout_rooms, tso_altar
Temple:   dshaligram_water_room_temple

Skill      XL: |  1  2  3  4  5  6 |
---------------+-------------------+-----
Unarmed Combat | 4 5 |  5.5
Dodging        | 3 |  3.6
Fighting       | 3 |  3.2
Shields        | 3 |  3.4
Stealth        | 1 |  1.0
Throwing       | |  0.4

Action                   |  1- 3 |  4- 6 |  7- 9 || total
-------------------------+-------+-------+-------++-------
Melee: Unarmed           |    78 |    93 |    10 ||   181
Throw: Dart              |       |     4 |       ||     4
 Stab: Sleeping          |     1 |     1 |       ||     2
Armor: Robe              |    26 |    27 |     3 ||    56
Dodge: Dodged            |    20 |    33 |     3 ||    56
Block: Kite shield       |    30 |    32 |     4 ||    66

Table legend: (Time is in decaauts)
 A = Elapsed time spent in this place.
 B = Non-inter-level travel time spent in this place.
 C = Inter-level travel time spent in this place.
 D = Time resting spent in this place.
 E = Time spent auto-exploring this place.
 F = Levels seen in this place.
 G = Mean time per level.
                   A        B        C        D        E       F      G
               +--------+--------+--------+--------+--------+-----+--------+
         Total |   2998 |   2060 |    938 |      0 |   1226 |   7 |  428.3 |
       Dungeon |   2797 |   2010 |    787 |      0 |   1180 |   6 |  466.2 |
        Temple |    201 |     50 |    151 |      0 |     46 |   1 |  201.0 |
               +--------+--------+--------+--------+--------+-----+--------+

Top non-repeatable levels by time:
     D:2: 735 daAuts
     D:3: 722 daAuts
     D:1: 663 daAuts
     D:4: 455 daAuts
  Temple: 201 daAuts
     D:5: 194 daAuts
     D:8: 24 daAuts
